 Dungeon Crawl Stone Soup version 0.28.0 (webtiles) character file.

Game seed: 3028270297507011852

21 Dani the Chopper (level 2, -3/26 HPs)
             Began as a Hill Orc Delver on Feb 6, 2022.
             Slain by a wraith (4 damage)
             ... in an ossuary.
             The game lasted 00:06:23 (543 turns).

Dani the Chopper (Hill Orc Delver)                   Turns: 543, Time: 00:06:24

Health: -3/26      AC:  3    Str: 14    XL:     2   Next: 83%
Magic:  2/2        EV: 11    Int: 10    God:
Gold:   0          SH:  0    Dex: 12    Spells: 1/1 levels left

rFire   + . .      SeeInvis .   a - +0 hand axe
rCold   + . .      Faith    .   (no shield)
rNeg    . . .      Spirit   .   b - +0 leather armour
rPois   +          Reflect  .   (no helmet)
rElec   +          Harm     .   (no cloak)
rCorr   +          Rampage  .   (no gloves)
Will    .....                   (no boots)
Stlth   ++........              (no amulet)
HPRegen 0.08/turn               (no ring)
MPRegen 0.08/turn               (no ring)

@: resistant, slowed, very slow
A: no striking features
a: no special abilities


You were in an ossuary.
You visited 1 branch of the dungeon, and saw 1 of its levels.
You also visited: Ossuary.

Inventory:

Hand Weapons
 a - a +0 hand axe (weapon)
 d - the +6 dagger "Damoduza" {freeze, MP+9 Str+4 Int+2}
   (You found it on level 5 of the Dungeon)

   It freezes those it strikes, dealing additional cold damage.
   It can also slow down cold-blooded creatures.
   Str:       It affects your strength (+4).
   Int:       It affects your intelligence (+2).
   MP:        It affects your magic capacity (+9).
Armour
 b - a +0 leather armour (worn)
Wands
 D - a wand of digging (3)
Scrolls
 c - a scroll of fog
 e - a scroll of fear
 h - a scroll of enchant armour {unknown}
 k - a scroll of holy word {unknown}
 M - a scroll of magic mapping


   Skills:
 - Level 3.6 Fighting
 + Level 4.4 Axes
 - Level 1.5 Dodging
 - Level 4.1 Stealth


You had one spell level left.
You didn't know any spells.
Your spell library was empty.

Dungeon Overview and Level Annotations

Branches:
Dungeon (5/15)            Ossuary (1/1)
 Temple: D:4-7

Altars:


Message History

As you read the scroll labelled SAL CIVIQI, it crumbles to dust.
It is a scroll of identify.
i - a potion of lignification
As you read the scroll labelled ESKIGHAIRR, it crumbles to dust.
Magic quickly surges around you.
It was a scroll of vulnerability.
As you read the scroll labelled QIRIRYA XAIN, it crumbles to dust.
You feel strangely unstable.
It was a scroll of teleportation.
Your surroundings suddenly seem different.
Found five items.
Okay, then.
You start waiting.
You feel your willpower return.
Found three items.
There is an open door here.
You see here a viscous emerald potion.
f - a viscous emerald potion You see here a puce potion.
g - a puce potion You see here a coppery potion.
Really quaff the potion of lignification?
You turn into a tree.
Your +0 leather armour melds into your body.
Your roots penetrate the ground.
The wraith hits you but does no damage.
You closely miss the wraith. The wraith hits you!
You barely miss the wraith. The wraith hits you but does no damage.
You barely miss the wraith. The wraith hits you but does no damage.
You barely miss the wraith. The wraith hits you but does no damage.
You hit the wraith but do no damage. The wraith hits you!
* * * LOW HITPOINT WARNING * * *
The wraith drains your vigour!
You feel yourself slow down.
You hit the wraith.
The wraith is lightly damaged.
The wraith hits you but does no damage. The wraith completely misses you.
You hit the wraith but do no damage. You punch the wraith, but do no damage.
The wraith is lightly damaged.
The wraith hits you but does no damage.
You barely miss the wraith.
The wraith is lightly damaged.
Your transformation is almost over.
The wraith hits you but does no damage. The wraith barely misses you.
It was a potion of cancellation.
Your magical effects are unravelling.
You feel magically purged.
You feel less wooden.
Your +0 leather armour unmelds from your body.
You feel yourself speed up. The wraith hits you.
* * * LOW HITPOINT WARNING * * *
The wraith drains your vigour!
You feel yourself slow down.
It was a potion of curing.
You feel better. The wraith hits you!
* * * LOW HITPOINT WARNING * * *
The wraith drains your vigour!
You feel as though you will be slow longer.
The wraith hits you.
* * * LOW HITPOINT WARNING * * *
The wraith drains your vigour!
You feel as though you will be slow longer.
It was a potion of heal wounds.
You feel much better. The wraith closely misses you. The wraith hits you!
The wraith drains your vigour!
You feel as though you will be slow longer.
You see here a scroll of identify {@r1}.
You see here a smoky yellow potion.
f - a smoky yellow potion The wraith hits you but does no damage.
The wraith hits you!
* * * LOW HITPOINT WARNING * * *
The wraith drains your vigour!
You feel as though you will be slow longer.
It was a potion of resistance.
You feel protected. The wraith hits you!
* * * LOW HITPOINT WARNING * * *
The wraith drains your vigour!
You feel as though you will be slow longer.
The wraith closely misses you. The wraith hits you.
* * * LOW HITPOINT WARNING * * *
The wraith drains your vigour!
You feel as though you will be slow longer.
The wraith completely misses you.
You see here a potion of heal wounds.
You feel much better. The wraith hits you but does no damage.
The wraith hits you!
* * * LOW HITPOINT WARNING * * *
The wraith drains your vigour!
You feel as though you will be slow longer.
You see here a scroll labelled TITESESO OKOS.
Okay, then.
As you read the scroll labelled TITESESO OKOS, it crumbles to dust.
The creatures around you are filled with an inner flame!
It was a scroll of immolation.
The wraith barely misses you. The wraith misses you. The wraith hits you.
* * * LOW HITPOINT WARNING * * *
There is an open door here.
The wraith hits you.
* * * LOW HITPOINT WARNING * * *
The wraith hits you.
You die...

#####+#####
##.....W...##
##...#####...##
##...##...##...##
#..W##.....##...#
+...#..??...'...+
#...##...?.##...#
##...##...##W..##
##...#####@..##
##.........##
#####+##### #+++#
####...####
#..'...'..#
#..#...#..#


You could see a wraith (inner flame).

Vanquished Creatures
  A mummy (Ossuary)
  A gnoll skeleton (Ossuary)
  3 kobold skeletons (Ossuary)
  5 orc skeletons (Ossuary)
10 creatures vanquished.

Notes
Turn   | Place    | Note
-------+----------+-------------------------------------------
     0 | D:5      | Dani the Hill Orc Delver began the quest for the Orb.
     0 | D:5      | Reached XP level 1. HP: 19/19 MP: 1/1
    48 | D:5      | Identified the +6 dagger "Damoduza" {freeze, MP+9 Str+4
                  | Int+2}
    74 | D:5      | Found a sand-covered staircase.
    81 | Ossuary  | Entered an ossuary
    81 | Ossuary  | Noticed a wraith
    81 | Ossuary  | Noticed a wraith
    81 | Ossuary  | Noticed a wraith
   128 | Ossuary  | Reached skill level 3 in Axes
   182 | Ossuary  | Reached skill level 4 in Axes
   182 | Ossuary  | Reached XP level 2. HP: 9/26 MP: 2/2
   445 | Ossuary  | Noticed a wraith
   532 | Ossuary  | HP: 5/26 [wraith (7)]
   533 | Ossuary  | HP: 2/26 [wraith (3)]
   540 | Ossuary  | HP: 6/26 [wraith (4)]
   541 | Ossuary  | HP: 1/26 [wraith (5)]
   543 | Ossuary  | Slain by a wraith

Illustrated notes

Levels and vault maps discovered:
D:5:      layout_gridville, enter_ossuary_3
Ossuary:  ossuary_due_mausoleum

Skill      XL: |  1 |
---------------+----+-----
Axes           | 4 |  4.4
Fighting       | |  3.6
Dodging        | |  1.5
Stealth        | |  4.1

Action                   || total
-------------------------++-------
Melee: Hand axe          ||    42
       Punch             ||     2
  Use: Potion            ||     7
       Scroll            ||     5
Armor: Leather armour    ||    12
       Skin              ||     7
Dodge: Dodged            ||    19

Table legend: (Time is in decaauts)
 A = Elapsed time spent in this place.
 B = Non-inter-level travel time spent in this place.
 C = Inter-level travel time spent in this place.
 D = Time resting spent in this place.
 E = Time spent auto-exploring this place.
 F = Levels seen in this place.
 G = Mean time per level.
                   A        B        C        D        E       F      G
               +--------+--------+--------+--------+--------+-----+--------+
         Total |    544 |    544 |      0 |    241 |      0 |   2 |  272.0 |
       Dungeon |     81 |     81 |      0 |      0 |      0 |   1 |   81.0 |
       Ossuary |    463 |    463 |      0 |    241 |      0 |   1 |  463.0 |
               +--------+--------+--------+--------+--------+-----+--------+

Top non-repeatable levels by time:
 Ossuary: 463 daAuts
     D:5: 81 daAuts

Table legend:
 A = Kills in this place as a percentage of kills in entire the game.
 B = Kills by you in this place as a percentage of kills by you in the entire game.
 C = Kills by friends in this place as a percentage of kills by friends in the entire game.
 D = Other kills in this place as a percentage of other kills in the entire game.
 E = Experience gained in this place as a percentage of experience gained in the entire game.
 F = Experience gained in this place divided by the number of levels of this place that you have seen.
                   A       B       C       D       E      F
               +-------+-------+-------+-------+-------+----------------------
         Total | 100.0 | 100.0 |   N/A |   N/A | 100.0 |  15.0
       Ossuary | 100.0 | 100.0 |   N/A |   N/A | 100.0 |  30.0
               +-------+-------+-------+-------+-------+----------------------
